Unix NetHack Version 3.7.0-59 Work-in-progress - last build Jun 11 2022 12:06:21 (957820c7457cdd9d3e79a92e84ff2cda0ad81c79,branch:master). Game began 2022-06-12 13:08:53, ended 2022-06-12 14:33:25. cathartes, neutral female gnomish Archeologist ------ ---------- |..... .........| |........ ----------- -------------.........| -.................. ------------ ------------...................- -........%....................---------.............................- -..........................d@.....W..gy............0......^.......- --..................................Wo.u...........o.............- --....%/..................B:....^.....:........................-- --.........................x.................................-- --......................y)...i..........M....................-- --...(..........^%..............G..............................-- --....%..................?.....j.................:............b+.-- -...................................s......p?....:................-- -........G...<...%............---------...>........%.....u..........-- -...................------------ ------------.....+.............- |........ ------------ ------------- ........| |....G. .....| ------- ------ Cathartes the Investigator St:15 Dx:11 Co:17 In:12 Wi:14 Ch:10 Neutral Dlvl:10 $:135 HP:0(40) Pw:34(34) AC:-2 Xp:6/578 T:5565 Latest messages: You pull on the leash. Satellite yelps! You see here a scroll called identify. The barrow wight casts a spell! The barrow wight is suddenly moving faster. Satellite steps reluctantly over a scroll called identify. Satellite bites the iron piercer. The iron piercer misses Satellite. You pull on the leash. Satellite yelps! The barrow wight picks up a dagger. The air crackles around the gnomish wizard. What do you want to write with? [- egixHIZ or ?*] - You write in the dust with your fingertip. What do you want to write in the dust here? Elbereth Suddenly, the elf zombie disappears out of sight. The giant spider turns to flee. Satellite bites the gnomish wizard. The grid bug falls into a pit! You pull on the leash. Satellite growls! The grid bug climbs out of the pit. The grid bug falls into a pit! The grid bug is killed! The grid bug strikes at your displaced image and misses you! What do you want to write with? [- egixHIZ or ?*] - You write in the dust with your fingertip. What do you want to write in the dust here? Elbereth Satellite misses the homunculus. The yellow light turns to flee. The homunculus turns to flee. The grid bug turns to flee. You climb up the stairs. You descend the stairs. Something is written here in the dust. You read: "Elbereth". The vampire bat turns to flee. The barrow wight zaps a wand of cold! The grid bug is killed by the bolt of cold! The bolt of cold hits you! Your dark green potion freezes and shatters! The bolt of cold hits Satellite! The barrow wight zaps a wand of cold! The bolt of cold hits you! You die... Do you want your possessions identified? [ynq] (y) y Do you want to see your attributes? [ynq] (y) y Do you want an account of creatures vanquished? [ynaq] (y) y Do you want to see your conduct and achievements? [ynq] (y) y Do you want to see the dungeon overview? [ynq] (y) y Major events: Turn 1: cathartes the neutral female gnomish Archeologist entered the dungeon 213: entered the Gnomish Mines 1671: attained the rank of Field Worker (level 3) 1698: reached Mine Town 4654: attained the rank of Investigator (level 6) 5536: entered the Bigroom 5565: killed by a bolt of cold Inventory: Coins $ - 135 gold pieces Weapons H - 5 uncursed +0 daggers e - an uncursed +2 bullwhip (alternate weapon; not wielded) Armor y - an uncursed +0 dwarvish iron helm (being worn) N - an uncursed +0 pair of gauntlets of dexterity (being worn) D - a blessed +0 pair of iron shoes (being worn) v - a blessed +1 cloak of displacement (being worn) m - a blessed +0 elven mithril-coat (being worn) Tools h - an uncursed sack containing 5 items F - an uncursed brass lantern l - an uncursed leash (attached to Satellite) a - an uncursed +0 pick-axe (weapon in hand) k - an uncursed skeleton key w - an uncursed tin whistle named tin f - an uncursed tinning kit (0:27) Wands x - an uncursed wand of locking (0:4) I - an uncursed wand of sleep (0:4) Z - an uncursed wand of sleep (0:3) Comestibles t - 3 uncursed shoots of water spinach n - 3 uncursed homemade tins of yellow mold Gems/Stones i - an uncursed luckstone g - an uncursed touchstone Contents of the sack: 274 gold pieces a cursed scroll of punishment an uncursed potion of sickness an uncursed wand of make invisible (0:3) 2 uncursed food rations Cathartes the Archeologist's attributes: Background: You were an Investigator, a level 6 female gnomish Archeologist. You were neutral, on a mission for Camaxtli who was opposed by Quetzalcoatl (lawful) and Huhetotl (chaotic). You were in the Dungeons of Doom, on level 10, a very big room. You entered the dungeon 5565 turns ago. You had 578 experience points, 62 more were needed to attain level 7. Basics: You had 0 out of 40 hit points. You had all 34 energy points (spell power). Your armor class was -2. Your wallet contained 135 zorkmids. Autopickup was on for '$_*' plus thrown, with exceptions. Final Characteristics: Your strength was 15 (limit:18/50). Your dexterity was 11 (limit:18). Your constitution was 17 (limit:18). Your intelligence was 12 (limit:19). Your wisdom was 14 (limit:18). Your charisma was 10 (limit:18). Final Status: You were not hungry. You were unencumbered. You were wielding a pick-axe. You were skilled in pick-axe. Final Attributes: You were piously aligned. You were telepathic. You had infravision. You were displaced. You were stealthy. You were guarded. You were fast. You were lucky. You had extra luck. Bad luck did not time out for you. Good luck did not time out for you. You are dead. Miscellaneous: You disabled loading of bones levels. Total elapsed playing time was 1 hour, 24 minutes and 32 seconds. Vanquished creatures: 4 wolves a winter wolf cub 2 leprechauns a gold golem a jaguar a dwarf leader a dust vortex a plains centaur a rock piercer a shrieker a gnomish wizard a golden naga hatchling a gray ooze an elf zombie 6 giant ants 2 little dogs a floating eye 6 dwarves a kobold leader 2 rothes a rabid rat a centipede 2 giant bats a monkey 4 dwarf zombies a werejackal 4 iguanas 2 killer bees 3 acid blobs 5 hobbits 2 manes 4 hobgoblins 8 giant rats 4 yellow molds a green mold 10 gnomes 2 gnome zombies 4 geckos 5 jackals 2 kobolds 3 goblins 2 sewer rats 9 grid bugs 2 bats 4 lichens 8 newts 130 creatures vanquished. No species were genocided or became extinct. Voluntary challenges: You read items or engraved 8 times. You engraved Elbereth 8 times. You never genocided any monsters. You never polymorphed an object. You never changed form. You used no wishes. Achievements: You entered the Gnomish Mines. You attained the rank of Field Worker. You entered Minetown. You entered a shop. You attained the rank of Investigator. You entered the Big Room. The Dungeons of Doom: levels 1 to 10 Level 1: A fountain. Level 2: A fountain. Stairs down to The Gnomish Mines. Level 3: A general store. Level 4: A general store. Level 5: A general store. Level 6: A potion shop, a fountain. Level 7: A delicatessen. Level 8: An altar to Camaxtli. Level 9: Many fountains. Oracle of Delphi. Level 10: <- You were here. A very big room. Final resting place for you, killed by a bolt of cold. The Gnomish Mines: levels 3 to 6 Level 3: Level 4: Level 5: Level 6: Game over: ---------- / \ / REST \ / IN \ / PEACE \ / \ | cathartes | | 409 Au | | killed by a bolt | | of cold | | | | | | 2022 | *| * * * | * _________)/\\_//(\/(/\)/\//\/|_)_______ Goodbye cathartes the Archeologist... You died in The Dungeons of Doom on dungeon level 10 with 3131 points, and 409 pieces of gold, after 5565 moves. You were level 6 with a maximum of 40 hit points when you died.